 Dungeon Crawl Stone Soup version 0.29-a0-284-gf9362112df (webtiles) character file.

Game seed: 942505867896213192

0 spaghetti the Sneak (level 1, 20/20 HPs)
             Began as a Deep Dwarf Delver on Mar 25, 2022.
             Quit the game on level 8 of the Dungeon.
             The game lasted 00:00:35 (124 turns).

spaghetti the Sneak (Deep Dwarf Delver)              Turns: 124, Time: 00:00:36

Health: 20/20      AC:  3    Str: 15    XL:     1   Next: 0%
Magic:  1/1        EV: 12    Int: 10    God:
Gold:   0          SH:  0    Dex: 14    Spells: 0/0 levels left

rFire   + . .      SeeInvis .   a - +0 short sword {short}
rCold   . . .      Faith    .   (no shield)
rNeg    . . .      Spirit   .   b - +0 leather armour
rPois   .          Reflect  .   (no helmet)
rElec   .          Harm     .   (no cloak)
rCorr   .          Rampage  .   (no gloves)
Will    .....                   (no boots)
Stlth   +++.......              (no amulet)
HPRegen 0.00/turn               h - ring of protection from fire
MPRegen 0.07/turn               (no ring)

@: no status effects
A: damage resistance, heal wounds, sense surroundings 1, no regeneration
a: Heal Wounds


You were on level 8 of the Dungeon.
You visited 1 branch of the dungeon, and saw 5 of its levels.


Innate Abilities, Weirdness & Mutations

You are resistant to damage.
You can heal yourself by infusing magical energy.
You passively map a small area around you.
You do not regenerate.


   Skills:
 - Level 2.6 Fighting
 - Level 1.7 Short Blades
 - Level 2.1 Dodging
 + Level 6.0 Stealth


You couldn't memorise any spells.
You didn't know any spells.
Your spell library contained the following spells:

 Spells                   Type           Power      Damage    Failure   Level
 Magic Dart               Conj           0%         1d3       43%         1
 Call Imp                 Summ           0%         N/A       56%         2
 Mephitic Cloud           Conj/Pois/Air  0%         N/A       80%         3

Inventory:

Hand Weapons
 a - a +0 short sword (weapon) {short}
Missiles
 i - 7 stones {throwing}
Armour
 b - a +0 leather armour (worn)
Jewellery
 h - a ring of protection from fire (left hand)
   (You found it on level 8 of the Dungeon)
Wands
 g - a wand of digging (3)
Scrolls
 c - a scroll of fog
 d - a scroll of magic mapping {!r}
 e - a scroll of fear
Potions
 f - a potion of haste {@q3}

Dungeon Overview and Level Annotations

Branches:
Dungeon (9/15)
 Temple: D:4-7         Lair: D:8-11         Orc: D:9-12

Altars:

#.$.#.# #.#...##
#......#* ###...#..#*
#########..........#
.....................,
.≈≈.≈≈...######.#....#,
≈#+#≈.l.# .......
+.@..# #.###.#* #≈...#
* .. # * ≈ .≈≈.#..#*
..#.* #....##..#* ,
#...## ######*#.#
##.... ... ...... ###.,
#####. ## * * #


You could see a wyvern.


Message History

🤖 Initializing magus.rc ...
Options error: Delay interrupt name "hungry" not recognised. (~/.crawlrc:4761) Options error: Bad monster_list_colour key: strict_neutral (~/.crawlrc:4776) ✅ Successfully initialized magus.rc [v1.9.6] Welcome, spaghetti the Deep Dwarf Delver.
Everyone else who sought the Orb of Zot has failed.
Will you be different?
Press ? for a list of commands and other information.
Found a scroll labelled ONUFUG ITAXU, 8 gold pieces and 7 stones.
Found a stone staircase leading down.
You climb downwards.
Found a lumpy orange potion.
Found an escape hatch in the ceiling.
Found a stone staircase leading down.
There is a stone staircase leading up here.
Found an escape hatch in the floor.
An orc comes into view. It is wielding a +0 hand axe.
There is an escape hatch in the ceiling here.
There is a stone staircase leading down here.
The orc shouts!
You climb downwards.
There is a stone staircase leading up here.
Unknown command.
Found a stone staircase leading down.
There is a stone staircase leading down here.
You pick up a book of Minor Magic and begin reading...
You add the spells Magic Dart, Call Imp and Mephitic Cloud to your library.
There is a stone staircase leading down here.
You climb downwards.
You hear the hiss of flowing sand.
There is an entrance to an ossuary on this level.
Hurry and find it before the portal is buried!
There is a stone staircase leading up here.
A steam dragon is nearby!
A shadow imp comes into view.
Found a stone staircase leading down.
h - a ring of protection from fire
h - a ring of protection from fire (left hand)
Found a stone staircase leading up.
There is a stone staircase leading down here.
You climb downwards.
Found a stone staircase leading up.
There is a stone staircase leading up here.
Unknown command.
Unknown command.
i - 7 stones {throwing}
There is a stone staircase leading up here.
An orc comes into view. It is wielding a +0 hand axe.
(D) Dungeon
Where to? (? - help)
There is a stone staircase leading up here.
You climb upwards.
You hear the hiss of flowing sand.
There is an entrance to an ossuary on this level.
Hurry and find it before the portal is buried!
You hear the slow hiss of a very distant avalanche of sand.
There is a stone staircase leading down here.
Unknown command.
A yak comes into view.
There is a stone staircase leading down here.
A wyvern comes into view.
The wyvern hisses menacingly.
Are you sure you want to abandon this character and quit the game? (Confirm with "yes".)

Levels and vault maps discovered:
D:5:      layout_cave_pools, uniq_blork_the_orc, uniq_eustachio
D:6:      layout_basic, xom_butterflies
D:7:      layout_loops_ring, minmay_temple_entry_mini_moons, uniq_menkaure
D:8:      layout_rooms, overflow_temple_1_default, serial_shops,
          kennysheep_mini_moat, nicolae_ossuary_entry_catacombs,
          gammafunk_ghost_wrathful_warriors
D:9:      layout_rooms, nicolae_gozag_cash_rules_everything_around_me,
          hiddenorc2_lemuel, serial_bayou_lake_a

Notes
Turn   | Place    | Note
-------+----------+-------------------------------------------
     0 | D:5      | spaghetti the Deep Dwarf Delver began the quest for the
                  | Orb.
     0 | D:5      | Reached XP level 1. HP: 20/20 MP: 1/1
     0 | D:5      | magus.rc [v1.9.6]
    25 | D:7      | You pick up a book of Minor Magic and begin reading...
    25 | D:7      | You add the spells Magic Dart, Call Imp and Mephitic Cloud
                  | to your library.
    35 | D:8      | Noticed a steam dragon
   104 | D:8      | Noticed a yak
   114 | D:8      | Noticed a wyvern
   124 | D:8      | Quit the game

Vanquished Creatures (others)
  A plant (D:9)
1 creature vanquished.

Table legend:
 A = Non-vault XP
 B = Vault XP
 C = Vault XP percentage of total XP
 D = Non-vault monster count
 E = Vault monster count
 F = Vault count percentage of total count
                 A         B        C        D         E       F
            +---------+---------+-------+---------+---------+-------
      Total |       0 |       0 |   N/A |       0 |       0 |  -nan
            +---------+---------+-------+---------+---------+-------
            +---------+---------+-------+---------+---------+-------

Illustrated notes

Table legend: (Time is in decaauts)
 A = Elapsed time spent in this place.
 B = Non-inter-level travel time spent in this place.
 C = Inter-level travel time spent in this place.
 D = Time resting spent in this place.
 E = Time spent auto-exploring this place.
 F = Levels seen in this place.
 G = Mean time per level.
                   A        B        C        D        E       F      G
               +--------+--------+--------+--------+--------+-----+--------+
         Total |    123 |    114 |      9 |      0 |     38 |   5 |   24.6 |
       Dungeon |    123 |    114 |      9 |      0 |     38 |   5 |   24.6 |
               +--------+--------+--------+--------+--------+-----+--------+

Top non-repeatable levels by time:
     D:8: 52 daAuts
     D:9: 35 daAuts
     D:7: 27 daAuts
     D:6: 5 daAuts
     D:5: 1 daAuts
